 Dungeon Crawl Stone Soup version 0.29-a0-334-gb41bcbb86e (webtiles) character file.

Game seed: 5039097958222743457

7 spaghetti the Conjurer (level 2, 9/17 HPs)
             Began as an Octopode Conjurer on Apr 14, 2022.
             Was a Plaything of Xom.
             Quit the game on level 1 of the Dungeon.
             The game lasted 00:00:38 (366 turns).

spaghetti the Conjurer (Octopode Conjurer)           Turns: 366, Time: 00:00:38

Health: 9/17       AC:  1    Str:  6    XL:     2   Next: 4%
Magic:  1/5        EV: 13    Int: 20    God:    Xom [..*...]
Gold:   21         SH:  0    Dex: 10    Spells: 5/6 levels left

rFire   . . .      SeeInvis .   d - +0 whip {mace}
rCold   . . .      Faith    .   (no shield)
rNeg    . . .      Spirit   .   (helmet restricted)
rPois   .          Reflect  .   (no amulet)
rElec   .          Harm     .   (no ring)
rCorr   .          Rampage  .   (no ring)
Will    .....                   (no ring)
Stlth   +++.......              (no ring)
HPRegen 0.05/turn               (no ring)
MPRegen 0.09/turn               (no ring)
                                (no ring)
                                (no ring)

@: no status effects
A: almost no armour, amphibious, 8 rings, camouflage 1, gelatinous body 1,
(nimble swimmer 1), tentacles
a: Renounce Religion


You were on level 1 of the Dungeon.
You worshipped Xom.
You were a toy of Xom.
You visited 1 branch of the dungeon, and saw 1 of its levels.

You collected 21 gold pieces.


Innate Abilities, Weirdness & Mutations

You cannot wear most types of armour.
You are amphibious.
You can wear up to eight rings at the same time.
Your skin changes colour to match your surroundings (Stealth+).
Your rubbery body absorbs attacks. (AC +1, EV +1)
((You are camouflaged when in or above water. (Stealth+)))
You have tentacles for arms and can constrict up to eight enemies at once.


   Skills:
 - Level 2.0 Dodging
 - Level 2.6 Stealth
 + Level 2.6 Spellcasting
 - Level 4.0 Conjurations


You had 5 spell levels left.
You knew the following spells:

 Your Spells              Type           Power      Damage    Failure   Level
a - Magic Dart            Conj           72%        1d6       3%          1

Your spell library contained the following spells:

 Spells                   Type           Power      Damage    Failure   Level
 Searing Ray              Conj           36%        2d5       4%          2
 Dazzling Flash           Conj/Hex       20%        N/A       21%         3
 Fulminant Prism          Conj/Hex       5%         3d7       54%         4
 Iskenderun's Mystic Bla  Conj/Tloc      10%        2d4       54%         4

Inventory:

Hand Weapons
 b - a +0 hand axe {axe}
   (You found it on level 1 of the Dungeon)
 d - a +0 whip (weapon) {mace}
   (You took it off a kobold on level 1 of the Dungeon)
 e - a +0 short sword {short}
   (You took it off a kobold on level 1 of the Dungeon)
Missiles
 h - 10 stones {throwing}
Scrolls
 c - a scroll of teleportation {unknown}
 g - a scroll of enchant weapon {unknown}
Potions
 a - a potion of magic
 f - a potion of might {unknown}

Dungeon Overview and Level Annotations

Branches:
Dungeon (1/15)

Altars:
Xom

.# ###...##.###
.#######.#...#####
......##†#.#.....# ###
..##.#.#.#...###.# #..
....###........#.# #.#
####.#.#.##..#.#.# #..
.........##..#.#.# # ###
..###.#####..#.#b###....
..†##.# #.....@J))...#
...##............#######
#.# ...##.#####.##.#.#
#.# ...##.#####. #.#.#
#.# #........## #.#.#
#.# #..##.##.# ##.#.#
#.# #..##.##.##.##.#.#
#.# #...........##.#.#
#########.##
#..##.##.#####>#.#
#...........


You could see an endoplasm and a bat.


Message History

You lost 1 mp, and now have 2/3 mp.
The magic dart hits the hobgoblin.
You kill the hobgoblin! 😎 MP[-1]
You lost 1 mp, and now have 1/3 mp.
No target in view!
No target in view!
No target in view!
No target in view!
No target in view!
No target in view!
No target in view!
An endoplasm comes into view.
An endoplasm is nearby!
An endoplasm is nearby!
An endoplasm is nearby!
An endoplasm is nearby!
The magic dart hits the endoplasm.
The endoplasm quivers. 😎 MP[-1]
You lost 1 mp, and now have 0/3 mp.
No target in view!
No target in view!
No target in view!
An endoplasm is nearby!
An endoplasm is nearby!
An endoplasm is nearby!
No target in range!
You don't have enough magic to cast this spell.
Unknown command.
Really attack while wielding nothing? [Y]es or [N]o only, please.
Really attack while wielding nothing? [Y]es or [N]o only, please.
Really attack while wielding nothing? [Y]es or [N]o only, please.
Really attack while wielding nothing? [Y]es or [N]o only, please.
Really attack while wielding nothing?
You tentacle-slap the endoplasm. You squeeze the endoplasm.
You kill the endoplasm!
You see here a hobgoblin corpse. 😎 MP[+1]
d - a +0 whip (weapon)
{mace}
g - a scroll labelled XAPTIR YMYHUAZ 😎 MP[+3]
Your mp is fully restored (4).
h - 10 stones {throwing} A kobold comes into view.
It is wielding a +0 dagger.
A kobold is nearby!
A kobold is nearby!
A kobold is nearby!
The magic dart hits the kobold but does no damage.
The kobold shouts! 😎 MP[-1]
You lost 1 mp, and now have 3/4 mp.
The magic dart hits the kobold.
A kobold comes into view. It is wielding a +0 short sword.
The magic dart hits the kobold.
You kill the kobold!
The kobold shouts!
You have reached level 2! 😎 HP[+6] MP[-2]
You now have 17 max hp (+6).
Your hp is fully restored (17).
You lost 2 mp, and now have 1/5 mp.
The magic dart hits the kobold.
You kill the kobold!
A bat comes into view.
An endoplasm comes into view. 😎 MP[-1]
You lost 1 mp, and now have 0/5 mp.
No target in range!
No target in range!
No target in range!
No target in range!
No target in range!
No target in range!
No target in range!
No target in range!
No target in range!
No target in range!
No target in range!
No target in range!
No target in range!
No target in range!
Unknown command.
You don't have enough magic to cast this spell.
The bat hits you but does no damage. The bat misses you.
You barely miss the endoplasm. The bat completely misses you.
The endoplasm barely misses you.
You hit the endoplasm. The bat hits you. The endoplasm hits you. 😕 HP[-2]
You take 2 damage, and now have 15/17 hp.
You hit the endoplasm. The bat completely misses you.
The endoplasm freezes you.
You are frozen.
The bat hits you. 😮 HP[-6] MP[+1]
You take 6 damage, and now have 9/17 hp.
MASSIVE DAMAGE!! (PAUSE) Are you sure you want to abandon this character and quit the game? (Confirm with "yes".)

Action                   || total
-------------------------++-------
Melee: Unarmed           ||     1
       Tentacles         ||     1
       Whip              ||     3
 Cast: Magic Dart        ||    13
Armor: Skin              ||     1
Dodge: Dodged            ||     4

Levels and vault maps discovered:
D:1:      wander_arrival_fairy_ring, layout_loops_ring,
          hellmonk_ecumenical_altar_run_dry

Notes
Turn   | Place    | Note
-------+----------+-------------------------------------------
     0 | D:1      | spaghetti the Octopode Conjurer began the quest for the
                  | Orb.
     0 | D:1      | Reached XP level 1. HP: 11/11 MP: 3/3
     0 | D:1      | magus.rc [v1.9.6]
   181 | D:1      | Found a faded altar of an unknown god.
   240 | D:1      | Prayed at the altar of an unknown god.
   240 | D:1      | Became a worshipper of Xom of Chaos
   359 | D:1      | Reached XP level 2. HP: 17/17 MP: 1/5
   366 | D:1      | Quit the game

Vanquished Creatures
  An endoplasm (D:1)
  2 hobgoblins (D:1)
  A ball python (D:1)
  4 kobolds (D:1)
8 creatures vanquished.

Table legend:
 A = Non-vault XP
 B = Vault XP
 C = Vault XP percentage of total XP
 D = Non-vault monster count
 E = Vault monster count
 F = Vault count percentage of total count
                 A         B        C        D         E       F
            +---------+---------+-------+---------+---------+-------
      Total |      11 |       0 |   0.0 |       8 |       0 |   0.0
            +---------+---------+-------+---------+---------+-------
        D:1 |      11 |       0 |   0.0 |       8 |       0 |   0.0
            +---------+---------+-------+---------+---------+-------

Illustrated notes

Table legend:
 A = Kills in this place as a percentage of kills in entire the game.
 B = Kills by you in this place as a percentage of kills by you in the entire game.
 C = Kills by friends in this place as a percentage of kills by friends in the entire game.
 D = Other kills in this place as a percentage of other kills in the entire game.
 E = Experience gained in this place as a percentage of experience gained in the entire game.
 F = Experience gained in this place divided by the number of levels of this place that you have seen.
                   A       B       C       D       E      F
               +-------+-------+-------+-------+-------+----------------------
         Total | 100.0 | 100.0 |   N/A |   N/A | 100.0 |  11.0
       Dungeon | 100.0 | 100.0 |   N/A |   N/A | 100.0 |  11.0
               +-------+-------+-------+-------+-------+----------------------

Table legend: (Time is in decaauts)
 A = Elapsed time spent in this place.
 B = Non-inter-level travel time spent in this place.
 C = Inter-level travel time spent in this place.
 D = Time resting spent in this place.
 E = Time spent auto-exploring this place.
 F = Levels seen in this place.
 G = Mean time per level.
                   A        B        C        D        E       F      G
               +--------+--------+--------+--------+--------+-----+--------+
         Total |    365 |    365 |      0 |      0 |    313 |   1 |  365.0 |
       Dungeon |    365 |    365 |      0 |      0 |    313 |   1 |  365.0 |
               +--------+--------+--------+--------+--------+-----+--------+

Top non-repeatable levels by time:
     D:1: 365 daAuts
